 Dungeon Crawl Stone Soup version 0.31.0-1-g2c135a0 (webtiles) character file.

Game seed: 5024799857501759261

4480 ww7 the Caller (level 10, -1/84 HPs)
             Began as a Hill Orc Summoner on Apr 12, 2024.
             Shot with a bolt by an orc warrior (19 damage)
             ... in a bailey.
             The game lasted 00:32:56 (9384 turns).

ww7 the Caller (Hill Orc Summoner)                  Turns: 9384, Time: 00:32:56

Health: -1/84      AC:  7    Str: 12    XL:     10   Next: 38%
Magic:  3/17       EV: 11    Int: 15    God:
Gold:   1498       SH:  0    Dex: 15    Spells: 9/18 levels left

rFire   . . .        A - +0 shortbow
rCold   + . .        (shield currently unavailable)
rNeg    . . .        C - +2 leather armour {rC+}
rPois   +            e - +0 helmet
rElec   .            (no cloak)
rCorr   .            (no gloves)
SInv    .            x - +0 pair of boots
Will    .....        (no amulet)
Stlth   ++           j - ring of poison resistance
HPRegen 0.34/turn    (no ring)
MPRegen 0.15/turn

%: no passive effects
@: no status effects
A: no striking features
a: no special abilities


You were in a bailey.
You visited 2 branches of the dungeon, and saw 10 of its levels.
You also visited: Bailey.

You collected 2704 gold pieces.
You spent 1206 gold pieces at shops.

Inventory:

Hand Weapons
 r - a +1 spectral quarterstaff
 A - a +0 shortbow (weapon)
Missiles
 c - 18 boomerangs
 i - a throwing net {!f}
Armour
 e - a +0 helmet (worn)
 x - a +0 pair of boots (worn)
 C - a +2 leather armour of cold resistance (worn)
 K - +0 steam dragon scales
Magical Staves
 w - a staff of air
Jewellery
 j - a ring of poison resistance (left hand)
 G - a ring of magical power
 I - a ring of willpower
Wands
 o - a wand of mindburst (1)
 B - a wand of light (8)
Scrolls
 l - a scroll of teleportation
 m - 2 scrolls of poison
 p - a scroll of amnesia
 t - a scroll of vulnerability
 u - a scroll of torment {unknown}
 v - 2 scrolls of noise {unknown}
 y - a scroll of fog {unknown}
 D - a scroll of enchant armour
 F - 2 scrolls of fear
 J - a scroll of immolation {unknown}
Potions
 a - a potion of heal wounds {!q}
 b - 2 potions of magic
 d - 2 potions of cancellation
 f - 2 potions of ambrosia
 g - 3 potions of attraction
 h - 3 potions of might
 k - 3 potions of berserk rage {unknown}
 n - 3 potions of curing
 q - 2 potions of haste
 s - 2 potions of enlightenment {unknown}
 z - 2 potions of brilliance {unknown}
 E - a potion of mutation
 H - a potion of lignification {unknown}


   Skills:
 - Level 6.5 Fighting
 * Level 4.4 Ranged Weapons
 + Level 3.5 Armour
 - Level 1.5 Dodging
 - Level 1.5 Stealth
 + Level 4.8 Spellcasting
 - Level 7.4 Summonings
 + Level 6.3 Air Magic
 - Level 3.7 Evocations


You had 9 spell levels left.
You knew the following spells:

 Your Spells              Type           Power      Damage    Failure   Level
a - Summon Ice Beast      Ice/Summ       14%        N/A       14%         3
b - Call Imp              Summ           52%        N/A       1%          2
c - Summon Lightning Spi  Summ/Air       24%        N/A       12%         4

Your spell library contained the following spells:

 Spells                   Type           Power      Damage    Failure   Level
 Summon Small Mammal      Summ           100%       N/A       1%          1
 Call Canine Familiar     Summ           26%        N/A       3%          3
 Scorch                   Fire           6%         2d5       32%         2
 Summon Blazeheart Golem  Fire/Summ      14%        N/A       41%         4
 Frozen Ramparts          Ice            6%         1d1       54%         3
 Hailstorm                Conj/Ice       3%         3d5       54%         3
 Sigil of Binding         Hex            3%         N/A       54%         3
 Summon Cactus Giant      Summ           13%        N/A       83%         6
 Dimensional Bullseye     Hex/Tloc       1%         N/A       91%         4
 Flame Wave               Conj/Fire      3%         2d5       91%         4
 Leda's Liquefaction      Alch/Erth      1%         N/A       91%         4
 Petrify                  Alch/Erth      3%         N/A       91%         4
 Alistair's Intoxication  Alch           2%         N/A       99%         5
 Borgnjor's Vile Clutch   Necr/Erth      1%         N/A       99%         5
 Metabolic Englaciation   Hex/Ice        1%         N/A       99%         5
 Eringya's Noxious Bog    Alch           1%         4d6       100%        6
 Sculpt Simulacrum        Ice/Alch       1%         N/A       100%        6


Dungeon Overview and Level Annotations

Branches:
Dungeon (9/15)             Temple (1/1) D:5             Orc (0/2) D:9
 Bailey (1/1)
   Lair: D:8-11

Altars:
Ashenzari
Elyvilon
Gozag
Hepliaklqana
Kikubaaqudgha
Makhleb
Okawaru
Qazlal
Ru
Sif Muna
Uskayaw
Vehumet
Wu Jian
Xom
Yredelemnul
Zin
The Shining One

Shops:
D:1 :   D:2 *   D:7 ::!

Annotations:
D:9 Joseph


Message History

Your lightning spire shoots out a bolt of lightning at the orc!
The bolt of electricity hits the orc.
The orc shoots a bolt.
The bolt hits your lightning spire.
Fire: A) +0 shortbow
Press: ? - help, Q - select action, (/) - cycle Shift-Dir - straight line, f - orc
Aim: an orc, wielding a +0 arbalest and wearing a +0 ring mail (almost dead, not watching you, ally target, 68% to hit)
You shoot an arrow.
The arrow hits the orc but does no damage.
The orc is almost dead.
The orc warrior shoots a bolt.
The bolt closely misses you.
Fire: A) +0 shortbow
Press: ? - help, Q - select action, (/) - cycle Shift-Dir - straight line, f - orc warrior
Aim: an orc warrior, wielding a +0 arbalest and wearing a +0 scale mail (58% to hit)
Okay, then.
Unknown command.
Casting: Summon Lightning Spire (dangerous; 12% risk of failure)
Confirm with . or Enter, or press ? or * to list all spells.
Okay, then.
Unknown command.
Casting: Summon Lightning Spire (dangerous; 12% risk of failure)
Confirm with . or Enter, or press ? or * to list all spells.
A tiny devil pulls itself out of the air.
Your lightning spire shoots out a bolt of lightning at the orc!
The bolt of electricity hits the orc!
The orc dies!
The orc warrior shoots a bolt.
The bolt hits your lightning spire! 현재 남은 마력은 [3/17] 입니다.
What are your orders? t - Shout!
Orders for allies: a - Attack new target. r - Retreat! s - Stop attacking. g - Guard the area. f - Follow me.
Anything else - Cancel.
Gang up on whom?
Press: ? - help, Dir - move target, f - orc warrior
Aim: an orc warrior, wielding a +0 arbalest and wearing a +0 scale mail (ally target) Attack!
The orc warrior shoots a bolt.
The bolt barely misses your ice beast.
The bolt barely misses your lightning spire.
The bolt hits you!!
You die...

#...........
#...........
#.......)..
#......≈≈.≈ ..#
#.....≈≈#.## ....
#.....≈##.∩#≈....
#..5.)≈#....o....
#@....≈##.##≈o...
#..8..≈≈###≈≈....
#.....Y≈≈≈≈≈.....
#.......o........
#................
#.∩..............
#∩...............
#################


You could see an orc warrior (ally target), a friendly lightning spire
(summoned), a friendly ice beast (summoned) and a friendly cerulean imp
(summoned).

Vanquished Creatures
  Sigmund (D:6)
  2 yaks (D:9)
  2 steam dragons
  An ice beast (D:6)
  A phantom (D:4)
  A centaur (D:9)
  A scorpion (D:4)
  A wight (D:6)
  An electric eel (D:6)
  3 hounds
  A gnoll bouda (D:3)
  An orc priest (D:5)
  2 orc wizards
  13 gnolls
  3 adders
  2 dart slugs (D:2)
  A ribbon worm (D:4)
  9 orcs
  3 endoplasms
  3 giant cockroaches
  8 goblins
  A hobgoblin (D:4)
  2 jackals (D:4)
  3 quokkas
  2 ball pythons
  A bat (D:3)
  5 kobolds
  An orc skeleton (D:9)
  An orc zombie (D:9)
76 creatures vanquished.

Vanquished Creatures (collateral kills)
  4 yaks (D:9)
  A wyvern (D:8)
  A steam dragon (D:7)
  Menkaure (D:4)
  A water moccasin (D:8)
  An ice beast (D:5)
  2 orc warriors
  A black bear (D:6)
  2 ogres
  A centaur (D:7)
  A phantom (D:6)
  3 bullfrogs
  A kobold brigand (D:7)
  A scorpion (D:7)
  2 wights (D:6)
  A killer bee (D:8)
  2 nameless horrors
  A howler monkey (D:8)
  A hound (D:7)
  5 orc priests
  2 gnoll boudas
  4 iguanas
  2 sleepcaps
  4 orc wizards
  12 gnolls
  2 adders
  3 white imps
  2 ufetubi (D:5)
  10 orcs
  4 endoplasms
  2 giant cockroaches
  4 goblins
  2 jackals (D:4)
  5 kobolds
  2 quokkas
  7 ball pythons
  3 bats
  A frilled lizard (D:2)
  An orc skeleton (D:9)
  2 orc zombies (D:9)
107 creatures vanquished.

Vanquished Creatures (others)
  A gnoll (D:9)
  An orc (D:7)
2 creatures vanquished.

Grand Total: 185 creatures vanquished

Notes
Turn   | Place    | Note
-------+----------+-------------------------------------------
     0 | D:1      | ww7 the Hill Orc Summoner began the quest for the Orb.
     0 | D:1      | Reached XP level 1. HP: 14/14 MP: 3/3
   279 | D:1      | Reached skill level 1 in Fighting
   400 | D:1      | Reached XP level 2. HP: 11/24 MP: 2/4
   494 | D:1      | Found Tunizxi's Vocational Training.
   890 | D:2      | Learned a level 2 spell: Call Imp
   962 | D:2      | Found Gioroots's General Store.
  1038 | D:2      | Reached XP level 3. HP: 31/31 MP: 3/5
  1564 | D:3      | Found an iron altar of Okawaru.
  1591 | D:3      | Reached XP level 4. HP: 31/38 MP: 6/6
  1876 | D:3      | Reached skill level 5 in Summonings
  2116 | D:3      | Reached XP level 5. HP: 39/45 MP: 4/7
  2308 | D:3      | Learned a level 4 spell: Summon Lightning Spire
  2473 | D:4      | Reached skill level 1 in Air Magic
  2597 | D:4      | Reached skill level 6 in Summonings
  2597 | D:4      | Reached XP level 6. HP: 48/51 MP: 3/8
  2971 | D:4      | Noticed Menkaure
  2976 | D:4      | Killed Menkaure
  3036 | D:4      | Reached XP level 7. HP: 50/57 MP: 6/9
  3294 | D:4      | Reached skill level 7 in Summonings
  4427 | D:4      | Found an ornate altar of the Wu Jian Council.
  4427 | D:4      | Found a glowing silver altar of Zin.
  4549 | D:5      | Entered Level 5 of the Dungeon
  4704 | D:5      | Reached XP level 8. HP: 47/64 MP: 6/10
  4779 | D:5      | Found a staircase to the Ecumenical Temple.
  4797 | Temple   | Entered the Ecumenical Temple
  4992 | D:5      | Found a hide-covered altar of Uskayaw.
  5887 | D:6      | Reached skill level 1 in Evocations
  6095 | D:6      | Reached skill level 5 in Fighting
  6288 | D:6      | Reached skill level 5 in Air Magic
  6288 | D:6      | Reached XP level 9. HP: 74/74 MP: 9/13
  7053 | D:6      | Noticed a nameless horror
  7059 | D:6      | Killed a nameless horror
  7239 | D:6      | Noticed Sigmund
  7255 | D:6      | Killed Sigmund
  7282 | D:6      | Identified the maw talisman "Pocsy" {Int+3}
  8043 | D:7      | Found Uliawu's Magic Scroll Boutique.
  8044 | D:7      | Found Rous's Book Shop.
  8068 | D:7      | Reached skill level 1 in Ranged Weapons
  8162 | D:7      | Bought a scroll of enchant armour for 97 gold pieces
  8162 | D:7      | Bought a scroll of identify for 26 gold pieces
  8162 | D:7      | Bought a scroll of identify for 26 gold pieces
  8162 | D:7      | Bought 2 scrolls of identify for 52 gold pieces
  8162 | D:7      | Bought a scroll of fear for 52 gold pieces
  8162 | D:7      | Bought a scroll of poison for 52 gold pieces
  8162 | D:7      | Bought a scroll of teleportation for 39 gold pieces
  8163 | D:7      | Identified 2 scrolls of acquirement
  8167 | D:7      | Acquired 1188 gold pieces
  8170 | D:7      | Acquired 1070 gold pieces
  8179 | D:7      | Found Plog's Distillery.
  8181 | D:7      | Bought a book of the Hunter for 286 gold pieces
  8191 | D:7      | Bought a potion of curing for 36 gold pieces
  8191 | D:7      | Bought a potion of might for 48 gold pieces
  8191 | D:7      | Bought a potion of haste for 120 gold pieces
  8191 | D:7      | Bought a potion of mutation for 96 gold pieces
  8191 | D:7      | Bought a potion of heal wounds for 60 gold pieces
  8191 | D:7      | Bought a potion of haste for 120 gold pieces
  8191 | D:7      | Bought 2 potions of might for 96 gold pieces
  8244 | D:7      | Reached skill level 1 in Armour
  8354 | D:7      | Found Tofoarrong's Book Emporium.
  8539 | D:7      | Found a shimmering blue altar of Sif Muna.
  8927 | D:8      | Noticed a two-headed ogre
  8932 | D:8      | Reached XP level 10. HP: 57/84 MP: 4/16
  8971 | D:8      | Noticed a two-headed ogre
  9001 | D:9      | Found a flagged portal.
  9003 | D:9      | Noticed Joseph
  9054 | D:9      | Found a staircase to the Orcish Mines.
  9062 | D:9      | Found a burning altar of Makhleb.
  9079 | D:9      | Found a shimmering altar of Xom.
  9093 | D:9      | Found a white marble altar of Elyvilon.
  9116 | D:9      | Identified the +6 dagger of Mastery {vamp, rC+}
  9270 | Bailey   | Entered a bailey
  9351 | Bailey   | Learned a level 3 spell: Summon Ice Beast
  9384 | Bailey   | Shot with a bolt by an orc warrior

Illustrated notes

Levels and vault maps discovered:
D:1:      tarquinn_simple_flora_water_c, layout_loops_ring,
          nicolae_shop_vocational
D:2:      layout_rooms, serial_shops, nicolae_shop_waterfront
D:3:      minmay_angry_zag, layout_basic, amcnicky_altar_gilded
D:4:      layout_basic, jmf_multi_god_temple, uniq_menkaure
D:5:      layout_loops_cross, old_standard_altar, minmay_temple_entry_large_hall
D:6:      layout_gridville, nicolae_lava_and_water, uniq_sigmund
D:7:      layout_rooms, mainiacjoe_overflow_surrounded_room, serial_shops,
          nicolae_square_shop, nicolae_shop_temple_entry_statues_fountains,
          shop, shop
D:8:      layout_cave_pools, nemelex_spade_bored_becter,
          dreamdust_princess_bridge
D:9:      layout_irregular_city, cheibriados_altar_1,
          gammafunk_temple_overflow_forgotten, kennysheep_mini_moat,
          zombieorc1_lemuel, enter_bailey_5, serial_column_ruins,
          column_ruins_circle_medium, column_ruins_open_tiny_water,
          column_ruins_grid_1, column_ruins_open_tiny,
          column_ruins_columns_straight, column_ruins_open_tiny,
          column_ruins_open_tiny, serial_shops, kennysheep_little_box,
          uniq_joseph
Temple:   nicolae_temple_figure_zero
Bailey:   bailey_polearm_2, bailey

Skill      XL: |  1  2  3  4  5  6  7  8  9 10 |
---------------+-------------------------------+-----
Fighting       | 1 3 5 6 |  6.5
Summonings     | 5 6 7 |  7.4
Air Magic      | 1 2 4 5 6 |  6.3
Spellcasting   | 3 4 |  4.8
Evocations     | 2 3 |  3.7
Ranged Weapons | 3 4 |  4.4
Armour         | 2 3 |  3.5
Dodging        | |  1.5
Stealth        | |  1.5

Action                     |  1- 3 |  4- 6 |  7- 9 | 10-12 || total
---------------------------+-------+-------+-------+-------++-------
  Melee: Hand axe          |    59 |       |       |       ||    59
         Mace              |     4 |       |       |       ||     4
         Unarmed           |     1 |       |       |       ||     1
         Quarterstaff      |     2 |    82 |    83 |       ||   167
         Punch             |     1 |       |       |       ||     1
         Staff             |       |       |    51 |       ||    51
   Fire: Shortbow          |       |       |    38 |    39 ||    77
  Throw: Boomerang         |       |       |     4 |       ||     4
   Cast: Summon Small Mamm |    20 |     7 |     1 |       ||    28
         Call Imp          |    14 |    22 |    19 |     1 ||    56
         Summon Lightning  |       |       |    45 |    17 ||    62
         Summon Ice Beast  |       |       |       |     1 ||     1
  Evoke: Wand              |       |     4 |     5 |     1 ||    10
    Use: Scroll            |     3 |     2 |     7 |     4 ||    16
         Potion            |       |       |       |     4 ||     4
   Stab: Distracted        |     1 |     1 |     4 |       ||     6
         Sleeping          |       |       |     1 |       ||     1
 Armour: Robe              |    45 |    53 |   114 |       ||   212
         Leather armour    |       |       |    16 |    43 ||    59
  Dodge: Dodged            |    65 |    62 |   101 |    26 ||   254
